[ PARTIDA AOE2 · #492665233 ]
UnrankedMaya vs Celts
Equipo del jugador · DERR
Equipo rival · VICT
[ ANÁLISIS DE REPETICIÓN · EXTRAÍDO DE LA PARTIDA GRABADA ]
Feudal
9:13
Castillos
—
Imperial
—
| APM promedio | 59.3 |
| APM pico | 102 |
| eAPM promedio | 26.7 |
| Aldeanos / militares | 25 / 3 |
Foco
⚔️ 40.1% · 🌾 59.9%
Archer ×1 · Spearman ×1 · Eagle Scout ×1
Feudal
9:54
Castillos
—
Imperial
—
| APM promedio | 54.7 |
| APM pico | 82 |
| eAPM promedio | 17.4 |
| Aldeanos / militares | 25 / 3 |
Foco
⚔️ 28.2% · 🌾 71.8%
Militia ×3
Mapa de la partida
Recursos iniciales + cada clic de construcción. Líneas = muros · curvas = relieve. ◆ oro · ⬟ piedra · ● bayas · ✦ reliquia · ◌ hueco del cierre
Tu base
Base de Ronin
Terreno inicial suavizado · ◌ = hueco del cierre detectado · pasá el cursor para detalles
Inputs por minuto
— DS_Uruguayo - - Ronin
Build order — DS_Uruguayo
49 acciones detectadas en el replay
| 0:01 | Investigar | Loom |
| 0:11 | Crear | Villager (Male) |
| 0:17 | Construir | House |
| 0:18 | Construir | House |
| 0:37 | Crear | Villager (Male) |
| 0:38 | Crear | Villager (Male) |
| 1:36 | Crear | Villager (Male) |
| 1:37 | Crear | Villager (Male) |
| 1:37 | Crear | Villager (Male) |
| 1:58 | Construir | Lumber Camp |
| 2:17 | Crear | Villager (Male) |
| 2:17 | Crear | Villager (Male) |
| 2:24 | Crear | Villager (Male) |
| 3:03 | Crear | Villager (Male) |
| 3:04 | Crear | Villager (Male) |
| 3:18 | Crear | Villager (Male) |
| 3:19 | Crear | Villager (Male) |
| 3:36 | Crear | Villager (Male) |
| 3:36 | Crear | Villager (Male) |
| 3:59 | Crear | Villager (Male) |
| 4:03 | Construir | House |
| 4:42 | Crear | Villager (Male) |
| 4:44 | Crear | Villager (Male) |
| 4:46 | Construir | Mill |
| 5:17 | Crear | Villager (Male) |
| 5:24 | Crear | Villager (Male) |
| 6:11 | Crear | Villager (Male) |
| 7:03 | Investigar | Feudal Age |
| 7:30 | Construir | Lumber Camp |
| 8:08 | Construir | Mining Camp |
| 8:29 | Crear | Villager (Male) |
| 8:55 | Construir | Barracks |
| 9:03 | Construir | House |
| 9:07 | Construir | House |
| 9:13 | Edad | Edad Feudal |
| 9:15 | Crear | Villager (Male) |
| 9:29 | Crear | Villager (Male) |
| 9:37 | Crear | Spearman |
| 10:00 | Construir | Mill |
| 10:03 | Construir | Archery Range |
| 10:06 | Crear | Villager (Male) |
| 10:13 | Crear | Eagle Scout |
| 10:20 | Construir | House |
| 10:23 | Construir | House |
| 10:27 | Investigar | Double-Bit Axe |
| 10:28 | Investigar | Double-Bit Axe |
| 10:51 | Construir | Palisade Wall |
| 10:56 | Construir | Palisade Wall |
| 11:00 | Crear | Archer |
Build order — Ronin
53 acciones detectadas en el replay
| 0:00 | Crear | Villager (Male) |
| 0:01 | Crear | Villager (Male) |
| 0:01 | Crear | Villager (Male) |
| 0:01 | Crear | Villager (Male) |
| 0:02 | Construir | House |
| 0:03 | Construir | House |
| 1:24 | Crear | Villager (Male) |
| 1:24 | Crear | Villager (Male) |
| 2:01 | Crear | Villager (Male) |
| 2:01 | Crear | Villager (Male) |
| 2:16 | Construir | Lumber Camp |
| 2:26 | Crear | Villager (Male) |
| 2:27 | Crear | Villager (Male) |
| 2:46 | Crear | Villager (Male) |
| 2:46 | Crear | Villager (Male) |
| 3:10 | Crear | Villager (Male) |
| 3:26 | Crear | Villager (Male) |
| 3:26 | Crear | Villager (Male) |
| 3:49 | Construir | House |
| 3:51 | Construir | House |
| 4:03 | Crear | Villager (Male) |
| 4:23 | Construir | Palisade Wall |
| 4:31 | Crear | Villager (Male) |
| 5:01 | Crear | Villager (Male) |
| 5:01 | Crear | Villager (Male) |
| 5:05 | Construir | Mill |
| 5:36 | Construir | Palisade Wall |
| 5:45 | Crear | Villager (Male) |
| 6:02 | Crear | Villager (Male) |
| 6:28 | Crear | Villager (Male) |
| 6:51 | Construir | House |
| 6:59 | Crear | Villager (Male) |
| 7:17 | Construir | Barracks |
| 7:44 | Investigar | Feudal Age |
| 7:44 | Investigar | Feudal Age |
| 7:50 | Construir | Mining Camp |
| 8:11 | Construir | Palisade Wall |
| 8:23 | Crear | Militia |
| 8:47 | Crear | Militia |
| 8:52 | Construir | Mill |
| 9:05 | Crear | Militia |
| 9:54 | Edad | Edad Feudal |
| 9:55 | Investigar | Man-at-Arms (upgrade) |
| 9:55 | Investigar | Man-at-Arms (upgrade) |
| 9:56 | Investigar | Double-Bit Axe |
| 9:56 | Investigar | Double-Bit Axe |
| 10:10 | Investigar | Loom |
| 10:10 | Investigar | Loom |
| 10:11 | Construir | Farm |
| 10:12 | Construir | Farm |
| 10:26 | Construir | Farm |
| 10:27 | Crear | Villager (Male) |
| 10:28 | Crear | Villager (Male) |
Cronología de la partida
| 4:23 | Ronin · wall_segment Palisade Wall x5 |
| 5:36 | Ronin · wall_segment Palisade Wall x8 |
| 7:17 | Ronin · first_building Barracks |
| 8:11 | Ronin · wall_segment Palisade Wall x1 |
| 8:55 | DS_Uruguayo · first_building Barracks |
| 9:13 | DS_Uruguayo · age_up feudal |
| 9:54 | Ronin · age_up feudal |
| 10:03 | DS_Uruguayo · first_building Archery Range |
| 10:51 | DS_Uruguayo · wall_segment Palisade Wall x1 |
| 10:56 | DS_Uruguayo · wall_segment Palisade Wall x2 |
| 11:12 | DS_Uruguayo · resign |
[ ANÁLISIS IA · 1 CRÉDITO ]
¿Qué pasó realmente en esta partida?
Wolo.gg analiza cada decisión: build order, eco, micro, errores típicos por bracket. Análisis personalizado por WhatsApp o Discord en 30 segundos.
Guía civ
Maya
Perfil
DS_Santi